[Event "FIDE Grand Swiss 2023"]
[Site "Villa Marina, Douglas, Isle of Man"]
[Date "2023.10.29"]
[Round "5.8"]
[White "Zhalmakhanov, Ramazan"]
[Black "Sevian, Samuel"]
[Result "1/2-1/2"]
[WhiteElo "2447"]
[BlackElo "2698"]
[EventDate "2023.10.25"]
[ECO "B48"]
[PlyCount "69"]
[BlackFideId "2040506"]
[TimeControl "40/100 + 20/50 + 15 + 30s/move"]
[WhiteFideId "13706357"]

1.e4 c5 2.Nf3 e6 3.d4 cxd4 4.Nxd4 Nc6 5.Nc3 Qc7 6.Be3 a6 7.Bd3 Nf6 8.Qe2 b5 9.Nxc6 Qxc6 10.e5 b4 11.exf6 bxc3 12.fxg7 Bxg7 13.b3 Bb7 14.f3 d5 15.O-O O-O 16.b4 e5 17.Bc5 Rfe8 18.Qf2 Re6 19.a4 Qc7 20.Rad1 Rae8 21.Rfe1 a5 22.bxa5 Qxa5 23.Bb5 Bc6 24.Bb6 Qa8 25.Bxc6 Qxc6 26.a5 Bh6 27.Be3 Bf8 28.Bb6 Bh6 29.Be3 Bf8 30.Bb6 Qc4 31.Kh1 Bh6 32.Be3 Bf8 33.Bb6 Bh6 34.Be3 Bg7 35.Bb6 1/2-1/2

[Event "FIDE Grand Swiss 2023"]
[Site "Villa Marina, Douglas, Isle of Man"]
[Date "2023.10.29"]
[Round "5.9"]
[White "L'ami, Erwin"]
[Black "Artemiev, Vladislav"]
[Result "1/2-1/2"]
[WhiteElo "2627"]
[BlackElo "2697"]
[EventDate "2023.10.25"]
[ECO "D37"]
[PlyCount "34"]
[BlackFideId "24101605"]
[TimeControl "40/100 + 20/50 + 15 + 30s/move"]
[WhiteFideId "1007998"]

1.d4 Nf6 2.c4 e6 3.Nf3 d5 4.Nc3 Be7 5.Bg5 h6 6.Bh4 dxc4 7.e3 c5 8.Bxc4 cxd4 9.Nxd4 Bd7 10.O-O O-O 11.Rc1 Nc6 12.Nb3 Rc8 13.Be2 Ne5 14.Qd4 Nc6 15.Qd1 Ne5 16.Qd4 Nc6 17.Qd1 Ne5 1/2-1/2

[Event "FIDE Grand Swiss 2023"]
[Site "Villa Marina, Douglas, Isle of Man"]
[Date "2023.10.29"]
[Round "5.10"]
[White "Giri, Anish"]
[Black "Korobov, Anton"]
[Result "1/2-1/2"]
[WhiteElo "2760"]
[BlackElo "2658"]
[EventDate "2023.10.25"]
[ECO "D17"]
[PlyCount "60"]
[BlackFideId "14105730"]
[TimeControl "40/100 + 20/50 + 15 + 30s/move"]
[WhiteFideId "24116068"]

1.d4 d5 2.c4 c6 3.Nf3 Nf6 4.Nc3 dxc4 5.a4 Bf5 6.Ne5 Nbd7 7.Nxc4 Nb6 8.Ne3 Bg6 9.a5 Nbd7 10.g3 e6 11.Bg2 Rc8 12.O-O Be7 13.Qb3 b5 14.axb6 axb6 15.Bd2 O-O 16.Rfd1 b5 17.Na2 Be4 18.Bb4 Bxg2 19.Kxg2 Bxb4 20.Nxb4 c5 21.dxc5 Nxc5 22.Rxd8 Nxb3 23.Rxc8 Rxc8 24.Rd1 Kf8 25.f3 Ke7 26.Rd3 Nc1 27.Rd2 Nb3 28.Rd3 Nc1 29.Rd2 Nb3 30.Rd3 Nc1 1/2-1/2

[Event "FIDE Grand Swiss 2023"]
[Site "Villa Marina, Douglas, Isle of Man"]
[Date "2023.10.29"]
[Round "5.11"]
[White "Duda, Jan-Krzysztof"]
[Black "Bartel, Mateusz"]
[Result "1/2-1/2"]
[WhiteElo "2726"]
[BlackElo "2651"]
[EventDate "2023.10.25"]
[ECO "D31"]
[PlyCount "222"]
[BlackFideId "1112635"]
[TimeControl "40/100 + 20/50 + 15 + 30s/move"]
[WhiteFideId "1170546"]

1.d4 d5 2.c4 e6 3.Nc3 c6 4.Nf3 dxc4 5.a4 Bb4 6.e3 b5 7.Bd2 a5 8.axb5 Bxc3 9.Bxc3 cxb5 10.b3 Bb7 11.bxc4 b4 12.Bb2 Nf6 13.Bd3 O-O 14.O-O Nbd7 15.Nd2 Qc7 16.Bc2 Rfb8 17.h3 Bc6 18.e4 b3 19.Bb1 e5 20.d5 Bb7 21.f4 a4 22.Qf3 Re8 23.Ra3 Ra6 24.Qf2 exf4 25.Qxf4 Qxf4 26.Rxf4 Nc5 27.Kf2 Nfd7 28.Bd4 f6 29.Ke3 Raa8 30.Bd3 Kf7 31.Rf1 Ke7 32.Bc3 Kd6 33.Bb4 Reb8 34.e5+ Kc7 35.Bxh7 fxe5 36.Bf5 Bc8 37.Bc3 Kd6 38.Nf3 Ba6 39.Bxd7 Bxc4 40.Bxe5+ Kxd7 41.Rc1 b2 42.Bxb2 Rxb2 43.Ne5+ Ke7 44.Nxc4 Rxg2 45.d6+ Kf6 46.Rf1+ Kg6 47.Kd4 Nb3+ 48.Kd5 Rg5+ 49.Ne5+ Kh7 50.d7 Ra5+ 51.Kd6 Raxe5 52.d8=Q Rd5+ 53.Kc7 Rxd8 54.Kxd8 Rd5+ 55.Ke7 Rd4 56.Ra2 Nc5 57.Rf5 Ne4 58.Rf4 Rb4 59.Kd8 Rd4+ 60.Ke7 Rb4 61.Rg4 Kh6 62.Rag2 g5 63.Ke6 a3 64.Ra2 Rb6+ 65.Ke5 Nf6 66.Rg3 Nh5 67.Rgxa3 Nf4 68.Ra8 Kh5 69.R2a3 Rb5+ 70.Kd4 Rb6 71.Rg8 Rg6 72.Rb8 Re6 73.Kc5 Re5+ 74.Kd6 Re6+ 75.Kd7 Rh6 76.Ke7 Kh4 77.Rb4 Rh7+ 78.Kf6 Rh6+ 79.Kf5 Rh8 80.Rbb3 Rf8+ 81.Ke5 Ng6+ 82.Kd6 Nf4 83.Rg3 Rf5 84.Ke7 Kh5 85.Ra8 Ng6+ 86.Ke6 Rb5 87.Ra7 Nf4+ 88.Kd6 Rb6+ 89.Kc5 Rb8 90.Rh7+ Kg6 91.Rh4 Rf8 92.Kc4 Ne2 93.Rgg4 Rf4+ 94.Kd3 Rxg4 95.Rxg4 Nf4+ 96.Ke3 Nxh3 97.Rg2 Nf4 98.Ra2 Kf5 99.Kf3 Nh5 100.Ra5+ Kg6 101.Ra8 Nf6 102.Kg2 Kf5 103.Ra1 Kg4 104.Rg1 Nh5 105.Kf1+ Kf5 106.Kf2 Nf6 107.Kf3 Kg6 108.Rg2 Kf5 109.Ke3 Nd5+ 110.Kd4 Nf4 111.Rxg5+ Kxg5 1/2-1/2

[Event "FIDE Grand Swiss 2023"]
[Site "Villa Marina, Douglas, Isle of Man"]
[Date "2023.10.29"]
[Round "5.12"]
[White "Melkumyan, Hrant"]
[Black "Abdusattorov, Nodirbek"]
[Result "1/2-1/2"]
[WhiteElo "2650"]
[BlackElo "2716"]
[EventDate "2023.10.25"]
[ECO "D27"]
[PlyCount "60"]
[BlackFideId "14204118"]
[TimeControl "40/100 + 20/50 + 15 + 30s/move"]
[WhiteFideId "13302485"]

1.d4 d5 2.c4 dxc4 3.e3 Nf6 4.Bxc4 e6 5.Nf3 a6 6.O-O c5 7.dxc5 Bxc5 8.Qxd8+ Kxd8 9.Be2 Ke7 10.Nc3 Rd8 11.Nd2 Nc6 12.Nde4 Bb4 13.a3 Bxc3 14.Nxc3 Na5 15.b4 Nb3 16.Rb1 Nxc1 17.Rfxc1 Bd7 18.Bf3 Rab8 19.Ne4 Bc6 20.Nxf6 Bxf3 21.gxf3 gxf6 22.b5 axb5 23.Rxb5 Rd7 24.Rcb1 f5 25.f4 Kf6 26.Kg2 Ra8 27.Rxb7 Rxb7 28.Rxb7 Rxa3 29.Kf3 Ra2 30.h3 h6 1/2-1/2

[Event "FIDE Grand Swiss 2023"]
[Site "Villa Marina, Douglas, Isle of Man"]
[Date "2023.10.29"]
[Round "5.13"]
[White "Cheparinov, Ivan"]
[Black "Vitiugov, Nikita"]
[Result "1/2-1/2"]
[WhiteElo "2658"]
[BlackElo "2711"]
[EventDate "2023.10.25"]
[ECO "C88"]
[PlyCount "119"]
[BlackFideId "4152956"]
[TimeControl "40/100 + 20/50 + 15 + 30s/move"]
[WhiteFideId "2905540"]

1.e4 e5 2.Nf3 Nc6 3.Bb5 a6 4.Ba4 Nf6 5.O-O Be7 6.Re1 b5 7.Bb3 O-O 8.h3 Bb7 9.d3 d5 10.exd5 Nxd5 11.Nxe5 Nxe5 12.Rxe5 Qd6 13.Re1 Rae8 14.Nd2 c5 15.Ne4 Qc6 16.c4 Nb6 17.f3 Bh4 18.Rf1 Qc7 19.cxb5 axb5 20.a4 c4 21.dxc4 bxa4 22.Bxa4 Nxa4 23.Rxa4 Bc6 24.Ra1 Bxe4 25.fxe4 Qxc4 26.b3 Qc6 27.Ba3 Be7 28.Bxe7 Rxe7 29.Qd5 Qb6+ 30.Kh1 Qe6 31.Ra4 g6 32.Rd4 Rb8 33.b4 Kg7 34.Qg5 h6 35.Qd2 Qe5 36.Re1 Rb5 37.Rd1 Reb7 38.Rc4 h5 39.Rf1 Ra7 40.Qf2 Rab7 41.Qd2 Ra7 42.Rd4 Rb6 43.Re1 Ra2 44.Qxa2 Qxd4 45.Rf1 Rb7 46.b5 Qxe4 47.Qb2+ Kh7 48.b6 Qc6 49.Rb1 f6 50.Qd4 Qe6 51.Qd8 Kg7 52.Qd4 g5 53.Qb4 h4 54.Qc3 Kg6 55.Qd3+ Kh6 56.Qb3 Qd6 57.Qe3 Kg7 58.Qb3 Kh6 59.Qb4 Qe6 60.Qb3 1/2-1/2

[Event "FIDE Grand Swiss 2023"]
[Site "Villa Marina, Douglas, Isle of Man"]
[Date "2023.10.29"]
[Round "5.14"]
[White "Deac, Bogdan-Daniel"]
[Black "Kuzubov, Yuriy"]
[Result "1/2-1/2"]
[WhiteElo "2701"]
[BlackElo "2625"]
[EventDate "2023.10.25"]
[ECO "E05"]
[PlyCount "63"]
[BlackFideId "14112906"]
[TimeControl "40/100 + 20/50 + 15 + 30s/move"]
[WhiteFideId "1226380"]

1.c4 e6 2.g3 d5 3.Bg2 Nf6 4.Nf3 Be7 5.d4 O-O 6.O-O dxc4 7.Qc2 a6 8.a4 Bd7 9.Qxc4 Bc6 10.Bf4 Bd6 11.Qc1 Nbd7 12.Nc3 Qe7 13.Re1 Bxf3 14.Bxf3 Bxf4 15.Qxf4 c6 16.a5 e5 17.dxe5 Nxe5 18.Bg2 Rad8 19.Red1 h6 20.h3 Rfe8 21.Rac1 h5 22.Qa4 Ng6 23.e3 Nf8 24.Qc4 Ne6 25.b4 Rxd1+ 26.Rxd1 Rd8 27.Rxd8+ Qxd8 28.Qe2 Qd6 29.Qb2 Kf8 30.Kh1 Qd3 31.Kg1 Ke7 32.Bf1 1/2-1/2

[Event "FIDE Grand Swiss 2023"]
[Site "Villa Marina, Douglas, Isle of Man"]
[Date "2023.10.29"]
[Round "5.15"]
[White "Shankland, Sam"]
[Black "Tari, Aryan"]
[Result "1-0"]
[WhiteElo "2698"]
[BlackElo "2619"]
[EventDate "2023.10.25"]
[ECO "E46"]
[PlyCount "119"]
[BlackFideId "1510045"]
[TimeControl "40/100 + 20/50 + 15 + 30s/move"]
[WhiteFideId "2004887"]

1.d4 Nf6 2.c4 e6 3.Nc3 Bb4 4.e3 O-O 5.Bd2 c5 6.a3 Bxc3 7.Bxc3 Ne4 8.Ne2 b6 9.h4 d6 10.f3 Nxc3 11.Nxc3 cxd4 12.Qxd4 Nc6 13.Qf4 f5 14.Rd1 e5 15.Qg5 a6 16.Nd5 Rb8 17.g3 Be6 18.Qxd8 Rfxd8 19.Nc7 Bf7 20.Rh2 Na5 21.Nd5 Bxd5 22.cxd5 b5 23.b4 Nc4 24.Bxc4 bxc4 25.Rc2 a5 26.Rxc4 axb4 27.axb4 Rb5 28.e4 fxe4 29.fxe4 Ra8 30.Ke2 h5 31.Rb1 Ra3 32.Rc6 Ra4 33.Kd3 Rbxb4 34.Rxb4 Rxb4 35.Rxd6 Rb3+ 36.Kc4 Re3 37.Re6 Rxe4+ 38.Kc5 Kf7 39.Kd6 Re3 40.Rxe5 Rxg3 41.Rxh5 Rg4 42.Rf5+ Ke8 43.Re5+ Kd8 44.Rh5 Rg6+ 45.Ke5 Rg4 46.Kf5 Rd4 47.Ke6 Kc7 48.Rh7 Re4+ 49.Kf5 Re7 50.Kg6 Kd6 51.Rxg7 Re1 52.h5 Kxd5 53.Kf7 Rf1+ 54.Kg8 Ke6 55.h6 Ra1 56.Rf7 Rg1+ 57.Kf8 Ra1 58.h7 Ra2 59.Re7+ Kd6 60.h8=Q 1-0

[Event "FIDE Grand Swiss 2023"]
[Site "Villa Marina, Douglas, Isle of Man"]
[Date "2023.10.29"]
[Round "5.16"]
[White "Aravindh, Chithambaram Vr."]
[Black "Nihal, Sarin"]
[Result "1/2-1/2"]
[WhiteElo "2649"]
[BlackElo "2694"]
[EventDate "2023.10.25"]
[ECO "C47"]
[PlyCount "91"]
[BlackFideId "25092340"]
[TimeControl "40/100 + 20/50 + 15 + 30s/move"]
[WhiteFideId "5072786"]

1.e4 e5 2.Nf3 Nc6 3.Nc3 Nf6 4.d4 exd4 5.Nxd4 Bb4 6.Nxc6 bxc6 7.Bd3 d5 8.exd5 O-O 9.O-O Bg4 10.f3 Bh5 11.dxc6 Qd4+ 12.Kh1 Bxc3 13.bxc3 Qxc3 14.Rb1 Bg6 15.Bb5 a6 16.Ba4 Qc4 17.Bb3 Qxc6 18.Bb2 Rad8 19.Qe1 Rfe8 20.Qf2 h6 21.Rbd1 Kh7 22.Rd4 Rxd4 23.Bxd4 Nd5 24.Re1 Rd8 25.h3 f6 26.Qh4 Qd6 27.Bg1 Ne7 28.Re6 Qd7 29.Qe1 Nf5 30.Bf2 c6 31.c3 h5 32.g4 Nh6 33.Re7 Qd2 34.Qxd2 Rxd2 35.Bd4 hxg4 36.hxg4 Ng8 37.Rc7 Bc2 38.Be6 Bd1 39.Bf5+ Kh8 40.Be4 Rxa2 41.c4 Ra4 42.Bc5 f5 43.Bxf5 Bxf3+ 44.Kg1 Bxg4 45.Bd3 Nf6 46.Rxc6 1/2-1/2

[Event "FIDE Grand Swiss 2023"]
[Site "Villa Marina, Douglas, Isle of Man"]
[Date "2023.10.29"]
[Round "5.17"]
[White "Nguyen, Thai Dai Van"]
[Black "Fedoseev, Vladimir"]
[Result "1/2-1/2"]
[WhiteElo "2618"]
[BlackElo "2691"]
[EventDate "2023.10.25"]
[ECO "C67"]
[PlyCount "111"]
[BlackFideId "24130737"]
[TimeControl "40/100 + 20/50 + 15 + 30s/move"]
[WhiteFideId "358878"]

1.e4 e5 2.Nf3 Nc6 3.Bb5 Nf6 4.O-O Nxe4 5.Re1 Nd6 6.Nxe5 Be7 7.Bf1 Nxe5 8.Rxe5 O-O 9.d4 Ne8 10.d5 Bc5 11.Re1 d6 12.Nc3 Bf5 13.Bd3 Qf6 14.Be3 Qg6 15.h3 Rc8 16.Bxf5 Qxf5 17.Bxc5 dxc5 18.Ne4 Nf6 19.Nxc5 b6 20.Qd3 Qxd5 21.Qxd5 Nxd5 22.Nd3 Rfe8 23.Rad1 Rxe1+ 24.Nxe1 Nf6 25.Nf3 Re8 26.Kf1 Kf8 27.Nd4 a6 28.Nc6 g6 29.f3 a5 30.Kf2 Re6 31.Rd8+ Ne8 32.Nd4 Rd6 33.Rxd6 Nxd6 34.b3 Ke7 35.g4 Ne8 36.Ke3 Kd6 37.a3 Kc5 38.Kd3 b5 39.c4 b4 40.axb4+ axb4 41.f4 Kd6 42.Nb5+ Kc5 43.Nd4 c6 44.Nf3 f6 45.Nd4 Nc7 46.f5 g5 47.Nf3 Na6 48.Nd2 Kb6 49.Ke3 Nc5 50.Kd4 h6 51.Ke3 Kc7 52.Kd4 Kd6 53.Ke3 Ke7 54.Kd4 Kd6 55.Ke3 Ke7 56.Kd4 1/2-1/2

[Event "FIDE Grand Swiss 2023"]
[Site "Villa Marina, Douglas, Isle of Man"]
[Date "2023.10.29"]
[Round "5.18"]
[White "Grandelius, Nils"]
[Black "Yakubboev, Nodirbek"]
[Result "0-1"]
[WhiteElo "2689"]
[BlackElo "2616"]
[EventDate "2023.10.25"]
[ECO "C78"]
[PlyCount "94"]
[BlackFideId "14203987"]
[TimeControl "40/100 + 20/50 + 15 + 30s/move"]
[WhiteFideId "1710400"]

1.e4 e5 2.Nf3 Nc6 3.Bb5 a6 4.Ba4 Nf6 5.O-O b5 6.Bb3 Bc5 7.c3 d6 8.d4 Bb6 9.Be3 O-O 10.Nbd2 h6 11.h3 Re8 12.Bc2 Rb8 13.Rc1 Bb7 14.d5 Bxe3 15.fxe3 Ne7 16.Nh4 Nh7 17.Qh5 Rf8 18.Rf2 Qe8 19.Rcf1 Bc8 20.c4 bxc4 21.Ba4 Bd7 22.Bxd7 Qxd7 23.Rxf7 Nf6 24.Rxf8+ Rxf8 25.Qd1 c3 26.bxc3 Qb5 27.c4 Qb2 28.Qc1 Qxa2 29.Qc3 Nxe4 30.Nxe4 Rxf1+ 31.Kxf1 Qb1+ 32.Kf2 Qxe4 33.Nf3 Qb1 34.Qa5 Qc2+ 35.Nd2 Kh7 36.Ke2 e4 37.Qa3 Nf5 38.g4 Ng3+ 39.Ke1 a5 40.Qb3 Qd3 41.Qxd3 exd3 42.Kf2 Ne2 43.e4 a4 44.Ke3 a3 45.Nb3 a2 46.e5 dxe5 47.c5 Nd4 0-1

[Event "FIDE Grand Swiss 2023"]
[Site "Villa Marina, Douglas, Isle of Man"]
[Date "2023.10.29"]
[Round "5.19"]
[White "Kuybokarov, Temur"]
[Black "Bacrot, Etienne"]
[Result "1/2-1/2"]
[WhiteElo "2584"]
[BlackElo "2669"]
[EventDate "2023.10.25"]
[PlyCount "98"]
[BlackFideId "605506"]
[TimeControl "40/100 + 20/50 + 15 + 30s/move"]
[WhiteFideId "14203049"]

1.e4 c5 2.Nf3 e6 3.d4 cxd4 4.Nxd4 Nc6 5.Nc3 Qc7 6.Be3 a6 7.Qf3 b5 8.O-O-O Bb7 9.Nxc6 Qxc6 10.Bd3 b4 11.Ne2 Nf6 12.Nd4 Qc7 13.Bf4 d6 14.Qe2 e5 15.Bg3 g6 16.Nb3 Bh6+ 17.Kb1 O-O 18.h4 Nh5 19.Bh2 a5 20.Nd2 a4 21.Nc4 Rfc8 22.f3 Ba6 23.Nxe5 b3 24.c3 bxa2+ 25.Ka1 Bxd3 26.Nxd3 a3 27.Nb4 Bg7 28.Nd5 axb2+ 29.Qxb2 Qa5 30.Bxd6 Bxc3 31.Nxc3 Qxc3 32.Qxc3 Rxc3 33.Rd2 f6 34.Rhd1 Ng7 35.Be7 Ne8 36.Rd8 Rxd8 37.Rxd8 Kf7 38.Bb4 Rc2 39.Rd7+ Kg8 40.Rd2 Rxd2 41.Bxd2 f5 42.exf5 gxf5 43.Kxa2 Kf7 44.Kb3 h5 45.Kc4 Ke6 46.Kd4 Nc7 47.Bf4 Nd5 48.Bb8 Nb4 49.Bg3 Nd5 1/2-1/2

[Event "FIDE Grand Swiss 2023"]
[Site "Villa Marina, Douglas, Isle of Man"]
[Date "2023.10.29"]
[Round "5.20"]
[White "Maurizzi, Marc`andria"]
[Black "Wojtaszek, Radoslaw"]
[Result "0-1"]
[WhiteElo "2555"]
[BlackElo "2668"]
[EventDate "2023.10.25"]
[ECO "C47"]
[PlyCount "84"]
[BlackFideId "1118358"]
[TimeControl "40/100 + 20/50 + 15 + 30s/move"]
[WhiteFideId "36083534"]

1.e4 e5 2.Nf3 Nc6 3.Nc3 Nf6 4.a4 a6 5.d4 exd4 6.Nxd4 Bb4 7.Nxc6 bxc6 8.Bd3 d5 9.exd5 Qe7+ 10.Be2 Nxd5 11.Bd2 Nxc3 12.bxc3 Bd6 13.O-O O-O 14.Bd3 Qh4 15.g3 Qg4 16.a5 Qxd1 17.Rfxd1 Bg4 18.Re1 Rfd8 19.Bf4 Bxf4 20.gxf4 Kf8 21.Re5 f6 22.Rc5 Bf3 23.Re1 Re8 24.Re3 Rxe3 25.fxe3 Ke7 26.Bxh7 Bd5 27.c4 Kd6 28.Rxd5+ cxd5 29.cxd5 Kxd5 30.Bd3 c5 31.Be2 Ra7 32.Kf2 c4 33.Ke1 c3 34.Kf2 Kc5 35.e4 Kb4 36.Ke3 Kxa5 37.e5 Kb4 38.e6 Kc5 39.Kd3 Kd5 40.Kxc3 Kxe6 41.Kb4 Kd6 42.c4 Rb7+ 0-1

[Event "FIDE Grand Swiss 2023"]
[Site "Villa Marina, Douglas, Isle of Man"]
[Date "2023.10.29"]
[Round "5.21"]
[White "Narayanan.S.L"]
[Black "Gukesh, D"]
[Result "1-0"]
[WhiteElo "2651"]
[BlackElo "2758"]
[EventDate "2023.10.25"]
[ECO "E71"]
[PlyCount "93"]
[BlackFideId "46616543"]
[TimeControl "40/100 + 20/50 + 15 + 30s/move"]
[WhiteFideId "5058422"]

1.d4 Nf6 2.c4 g6 3.Nc3 Bg7 4.e4 d6 5.h3 e5 6.d5 a5 7.Be3 Na6 8.Be2 h5 9.Nf3 Bd7 10.Qc2 Nh7 11.g3 f5 12.a3 O-O 13.exf5 gxf5 14.O-O-O Nc5 15.g4 e4 16.Nd2 Qe7 17.Kb1 Kh8 18.Rhg1 Na4 19.gxf5 Nxc3+ 20.bxc3 Bxf5 21.Bxh5 b5 22.Bg6 bxc4 23.Bxf5 Rxf5 24.Qxe4 Rb8+ 25.Kc2 Qd7 26.Qxc4 Re5 27.Qg4 Qxg4 28.hxg4 Rxd5 29.Rb1 Rdb5 30.Rxb5 Rxb5 31.a4 Rb8 32.g5 Nf8 33.f4 Re8 34.Rg3 Nd7 35.f5 Be5 36.Rh3+ Kg8 37.Nc4 d5 38.Nxa5 Ra8 39.Nc6 Rxa4 40.Nxe5 Nxe5 41.Bd4 Ra2+ 42.Kd1 Ra1+ 43.Ke2 Ra2+ 44.Kf1 Ra1+ 45.Kf2 Ra2+ 46.Ke3 Ra4 47.g6 1-0

[Event "FIDE Grand Swiss 2023"]
[Site "Villa Marina, Douglas, Isle of Man"]
[Date "2023.10.29"]
[Round "5.22"]
[White "Rapport, Richard"]
[Black "Svane, Rasmus"]
[Result "1-0"]
[WhiteElo "2752"]
[BlackElo "2646"]
[EventDate "2023.10.25"]
[ECO "C54"]
[PlyCount "91"]
[BlackFideId "4657101"]
[TimeControl "40/100 + 20/50 + 15 + 30s/move"]
[WhiteFideId "738590"]

1.e4 e5 2.Nf3 Nc6 3.Bc4 Nf6 4.d3 Bc5 5.c3 d6 6.O-O h6 7.Re1 O-O 8.Nbd2 Bb6 9.Bb3 a5 10.h3 Be6 11.Bc2 Re8 12.Nc4 Ba7 13.Ne3 Bxe3 14.Rxe3 d5 15.exd5 Nxd5 16.Re1 Bf5 17.Nd2 Bg6 18.Qf3 a4 19.Ne4 b6 20.b4 f5 21.Ng3 Qd7 22.Bd2 Nf6 23.b5 Na5 24.Rxe5 Rxe5 25.Qxa8+ Re8 26.Qf3 Qxb5 27.Rb1 Qd7 28.Qf4 Rd8 29.c4 Nc6 30.Bc3 Qd6 31.Ne2 Qxf4 32.Nxf4 Bf7 33.Bxa4 Nd4 34.Bd1 g5 35.Ne2 Nxe2+ 36.Bxe2 Nd7 37.d4 Ra8 38.Rb2 c6 39.Bd3 Ra3 40.Rb3 Rxa2 41.Bxf5 Ra7 42.Bxd7 Rxd7 43.Rxb6 Rc7 44.d5 cxd5 45.Rxh6 Kf8 46.c5 1-0

[Event "FIDE Grand Swiss 2023"]
[Site "Villa Marina, Douglas, Isle of Man"]
[Date "2023.10.29"]
[Round "5.23"]
[White "Pichot, Alan"]
[Black "Aronian, Levon"]
[Result "1/2-1/2"]
[WhiteElo "2650"]
[BlackElo "2742"]
[EventDate "2023.10.25"]
[ECO "C65"]
[PlyCount "93"]
[BlackFideId "13300474"]
[TimeControl "40/100 + 20/50 + 15 + 30s/move"]
[WhiteFideId "110973"]

1.e4 e5 2.Nf3 Nc6 3.Bb5 Nf6 4.d3 Bc5 5.O-O Nd4 6.Nxd4 Bxd4 7.c3 Bb6 8.Na3 c6 9.Ba4 d6 10.Bc2 Bg4 11.Qe1 Be6 12.Nc4 Bc7 13.f4 b5 14.fxe5 dxe5 15.Ne3 g6 16.a4 O-O 17.axb5 cxb5 18.Qh4 Nh5 19.Nf5 Qxh4 20.Nxh4 Bb6+ 21.Kh1 f6 22.Nf3 Rfd8 23.Re1 b4 24.d4 bxc3 25.dxe5 Rac8 26.bxc3 Rxc3 27.Bb1 Bg4 28.Ra3 Rxa3 29.Bxa3 Bxf3 30.exf6 Bxg2+ 31.Kxg2 Rd2+ 32.Kh3 Nf4+ 33.Kg4 Ne6 34.e5 Kf7 35.h4 Bf2 36.Rh1 Bd4 37.h5 Bxe5 38.hxg6+ hxg6 39.Rh7+ Kg8 40.Bxg6 Rg2+ 41.Kf5 Rg5+ 42.Kxe6 Rxg6 43.Kxe5 Kxh7 44.f7 Rg8 45.fxg8=Q+ Kxg8 46.Bc5 Kf7 47.Bxa7 1/2-1/2

[Event "FIDE Grand Swiss 2023"]
[Site "Villa Marina, Douglas, Isle of Man"]
[Date "2023.10.29"]
[Round "5.24"]
[White "Praggnanandhaa, R"]
[Black "Mareco, Sandro"]
[Result "1/2-1/2"]
[WhiteElo "2738"]
[BlackElo "2606"]
[EventDate "2023.10.25"]
[ECO "C53"]
[PlyCount "88"]
[BlackFideId "112275"]
[TimeControl "40/100 + 20/50 + 15 + 30s/move"]
[WhiteFideId "25059530"]

1.e4 e5 2.Nf3 Nc6 3.Bc4 Bc5 4.c3 Nf6 5.d3 a5 6.Bg5 h6 7.Bh4 d6 8.Nbd2 Bd7 9.Qe2 Ba7 10.O-O-O Ne7 11.Bxf6 gxf6 12.d4 Ng6 13.g3 Rb8 14.a4 Kf8 15.Rdf1 Rh7 16.Bb3 Qe8 17.dxe5 fxe5 18.Nh4 Nxh4 19.gxh4 Bxa4 20.Bxa4 Qxa4 21.Rhg1 Qd7 22.Rg3 Rg7 23.f4 exf4 24.Rxg7 Kxg7 25.Rxf4 Re8 26.Nf1 Kf8 27.Ng3 d5 28.Qd2 Qc6 29.exd5 Qb6 30.Kc2 Qe3 31.Qxe3 Bxe3 32.Rf3 Bg1 33.h3 Re3 34.Rxe3 Bxe3 35.Nf5 Bf4 36.h5 a4 37.c4 Ke8 38.Kc3 Be5+ 39.Kb4 Bxb2 40.Kxa4 Bc1 41.Kb5 Kd7 42.Kc5 Bd2 43.Kb5 Bc1 44.Kc5 Bd2 1/2-1/2

[Event "FIDE Grand Swiss 2023"]
[Site "Villa Marina, Douglas, Isle of Man"]
[Date "2023.10.29"]
[Round "5.25"]
[White "Saric, Ivan"]
[Black "Vachier-Lagrave, Maxime"]
[Result "1-0"]
[WhiteElo "2647"]
[BlackElo "2727"]
[EventDate "2023.10.25"]
[ECO "B90"]
[PlyCount "107"]
[BlackFideId "623539"]
[TimeControl "40/100 + 20/50 + 15 + 30s/move"]
[WhiteFideId "14508150"]

1.e4 c5 2.Nf3 d6 3.d4 cxd4 4.Nxd4 Nf6 5.Nc3 a6 6.Be3 e5 7.Nb3 Be7 8.h3 Be6 9.Qf3 Nbd7 10.O-O-O Rc8 11.Nd5 Bxd5 12.exd5 Nb6 13.g4 e4 14.Qg2 Qc7 15.c3 Nbxd5 16.Bd2 e3 17.fxe3 Nb6 18.Bd3 d5 19.e4 dxe4 20.Bxe4 Nxe4 21.Qxe4 O-O 22.Bf4 Qc4 23.Rd4 Qc6 24.Qxc6 bxc6 25.Re1 Bf6 26.Rde4 Bh4 27.R1e2 f5 28.gxf5 Rxf5 29.Kc2 Bf6 30.Be5 Re8 31.Bxf6 Rxe4 32.Rxe4 Rf2+ 33.Kd3 gxf6 34.Nc5 Rxb2 35.Rb4 Rxb4 36.cxb4 Kf7 37.Kd4 Ke7 38.Nxa6 Kd6 39.Nc5 f5 40.h4 Nd5 41.a3 Kc7 42.Ke5 f4 43.Ne6+ Kb6 44.Nd4 Kc7 45.h5 Kb6 46.b5 f3 47.Nxf3 Kxb5 48.Ng5 Ne7 49.Nxh7 c5 50.Nf6 c4 51.Ne4 Ng8 52.Kd4 Ka4 53.Kxc4 Kxa3 54.Kd5 1-0

[Event "FIDE Grand Swiss 2023"]
[Site "Villa Marina, Douglas, Isle of Man"]
[Date "2023.10.29"]
[Round "5.26"]
[White "Ponomariov, Ruslan"]
[Black "Harikrishna, Pentala"]
[Result "1/2-1/2"]
[WhiteElo "2641"]
[BlackElo "2716"]
[EventDate "2023.10.25"]
[ECO "E05"]
[PlyCount "61"]
[BlackFideId "5007003"]
[TimeControl "40/100 + 20/50 + 15 + 30s/move"]
[WhiteFideId "14103320"]

1.d4 Nf6 2.c4 e6 3.Nf3 d5 4.g3 Be7 5.Bg2 O-O 6.O-O dxc4 7.Qc2 a6 8.a4 Bd7 9.Qxc4 Bc6 10.Bg5 Nbd7 11.Nc3 h6 12.Bxf6 Nxf6 13.a5 Qd6 14.Rfd1 Rfd8 15.e3 Rab8 16.Qe2 Bxf3 17.Bxf3 c6 18.h4 Qc7 19.Qc4 h5 20.Kg2 g6 21.Ne2 Kg7 22.Nf4 e5 23.dxe5 Qxe5 24.Nd3 Qc7 25.Qc3 Bd6 26.Rac1 Re8 27.b4 Rbd8 28.Qb2 Qe7 29.Nc5 Bxc5 30.bxc5 Rxd1 31.Rxd1 1/2-1/2

[Event "FIDE Grand Swiss 2023"]
[Site "Villa Marina, Douglas, Isle of Man"]
[Date "2023.10.29"]
[Round "5.27"]
[White "Maghsoodloo, Parham"]
[Black "Sadhwani, Raunak"]
[Result "1-0"]
[WhiteElo "2707"]
[BlackElo "2641"]
[EventDate "2023.10.25"]
[ECO "A29"]
[PlyCount "83"]
[BlackFideId "35093487"]
[TimeControl "40/100 + 20/50 + 15 + 30s/move"]
[WhiteFideId "12539929"]

1.c4 Nf6 2.Nc3 e5 3.Nf3 Nc6 4.g3 Bb4 5.Nd5 e4 6.Nh4 O-O 7.a3 Ba5 8.b4 Bb6 9.Bb2 Bd4 10.Bxd4 Nxd4 11.e3 Nc6 12.Bg2 Ne5 13.Nxf6+ Qxf6 14.Bxe4 Nxc4 15.O-O Nd6 16.Bg2 Nf5 17.Nxf5 Qxf5 18.d4 d5 19.Rc1 c6 20.b5 Bd7 21.Qb3 h5 22.h4 a6 23.bxc6 bxc6 24.Rc5 Rfb8 25.Qd1 Qh7 26.e4 Bg4 27.f3 Bd7 28.exd5 Qg6 29.dxc6 Bxc6 30.Kh2 Rb5 31.Qc1 Bb7 32.Rd1 Qd6 33.a4 Rxc5 34.dxc5 Qc7 35.Qg5 g6 36.Rd6 Re8 37.Bf1 Bxf3 38.Bc4 Be4 39.Qf4 Re7 40.Bxf7+ Kh7 41.Bc4 Qxc5 42.Qf8 1-0

[Event "FIDE Grand Swiss 2023"]
[Site "Villa Marina, Douglas, Isle of Man"]
[Date "2023.10.29"]
[Round "5.28"]
[White "Martirosyan, Haik M."]
[Black "Yilmaz, Mustafa"]
[Result "0-1"]
[WhiteElo "2696"]
[BlackElo "2640"]
[EventDate "2023.10.25"]
[ECO "D38"]
[PlyCount "86"]
[BlackFideId "6302718"]
[TimeControl "40/100 + 20/50 + 15 + 30s/move"]
[WhiteFideId "13306553"]

1.d4 Nf6 2.c4 e6 3.Nf3 d5 4.Nc3 Bb4 5.Qa4+ Nc6 6.e3 O-O 7.Qc2 Re8 8.Bd2 Bf8 9.Be2 Nb4 10.Qb1 dxc4 11.Bxc4 b6 12.a3 Ba6 13.Be2 Bxe2 14.Nxe2 Na6 15.e4 c5 16.e5 Nd5 17.Qd3 Nb8 18.Ng5 f5 19.g4 h6 20.h4 Qd7 21.gxf5 exf5 22.f4 hxg5 23.hxg5 Kf7 24.dxc5 bxc5 25.O-O-O Nc6 26.g6+ Ke6 27.Rh5 Nce7 28.Ng3 Nb6 29.Qc2 Qa4 30.b3 Qxa3+ 31.Kb1 Nbd5 32.Bc1 Qb4 33.Bd2 Qa3 34.Bc1 Qb4 35.Nxf5 Reb8 36.Kb2 c4 37.Nd4+ Kd7 38.f5 cxb3 39.Qd3 Nc6 40.e6+ Ke8 41.e7 Bxe7 42.Rh8+ Kd7 43.Kb1 Nxd4 0-1

[Event "FIDE Grand Swiss 2023"]
[Site "Villa Marina, Douglas, Isle of Man"]
[Date "2023.10.29"]
[Round "5.29"]
[White "Xiong, Jeffery"]
[Black "Murzin, Volodar"]
[Result "1/2-1/2"]
[WhiteElo "2693"]
[BlackElo "2633"]
[EventDate "2023.10.25"]
[ECO "D43"]
[PlyCount "180"]
[BlackFideId "44155573"]
[TimeControl "40/100 + 20/50 + 15 + 30s/move"]
[WhiteFideId "2047640"]

1.d4 d5 2.c4 c6 3.Nf3 Nf6 4.Nc3 e6 5.Bg5 Nbd7 6.cxd5 exd5 7.e3 h6 8.Bh4 Be7 9.Qc2 O-O 10.Bd3 Re8 11.O-O Ne4 12.Bxe4 Bxh4 13.Bh7+ Kh8 14.Bd3 Bf6 15.b4 Nb6 16.Rab1 Bg4 17.Nd2 Be7 18.Na4 Nxa4 19.Qxa4 a6 20.Qc2 Bd6 21.a3 Qh4 22.g3 Qf6 23.Rfe1 Re7 24.Be2 Bf5 25.Bd3 Bg4 26.Be2 Bd7 27.Nb3 Rae8 28.Nc5 Bf5 29.Bd3 Bc8 30.a4 h5 31.b5 axb5 32.axb5 h4 33.bxc6 bxc6 34.Bf1 Bf5 35.Nd3 Be4 36.Qe2 Qf5 37.Rbc1 hxg3 38.fxg3 Bxd3 39.Qxd3 Qg5 40.Qd2 Rxe3 41.Rxe3 Rxe3 42.Bg2 Rxg3 43.Qxg5 Rxg5 44.Rxc6 Bf4 45.Rc5 Be3+ 46.Kh1 Bxd4 47.Rxd5 Rg4 48.Rf5 f6 49.Rf1 Be5 50.Re1 Rd4 51.h3 Kh7 52.Bf3 g6 53.Kg2 Kh6 54.Re4 Rd2+ 55.Re2 Rd3 56.Re4 Ra3 57.Rh4+ Kg7 58.Re4 Ra5 59.Rc4 Ra2+ 60.Kg1 f5 61.Rc6 Bh2+ 62.Kf1 Bg3 63.Be2 Kh6 64.Bc4 Rf2+ 65.Kg1 Rd2 66.Ra6 Kg5 67.h4+ Kh5 68.Bf7 Bd6 69.Kf1 f4 70.Ra2 Rd4 71.Rg2 Kxh4 72.Rxg6 f3 73.Kf2 Rd3 74.Rh6+ Kg4 75.Rg6+ Kf5 76.Rxd6 Rxd6 77.Kxf3 Rd3+ 78.Ke2 Ra3 79.Kd2 Ke4 80.Kc2 Kd4 81.Kb2 Ra7 82.Ba2 Kd3 83.Bb1+ Kd2 84.Ba2 Rb7+ 85.Ka1 Kc2 86.Be6 Rb1+ 87.Ka2 Rb6 88.Bf5+ Kc3 89.Bh7 Rb2+ 90.Ka1 Rb6 1/2-1/2